 Dungeon Crawl Stone Soup version 0.29-a0-791-ga0f254aafb (webtiles) character file.

Game seed: 10006881533819106883

303809 Morbidden the Peltast (level 22, 0/173 HPs)
             Began as a Formicid Fighter on July 1, 2022.
             Was the Champion of Cheibriados.
             Killed from afar by an ironbound frostheart (31 damage)
             ... by creeping frost
             ... on level 2 of the Vaults on July 3, 2022.
             The game lasted 01:24:31 (47749 turns).

Morbidden the Peltast (Formicid Fighter)           Turns: 47749, Time: 01:24:32

Health: 0/173      AC: 29    Str: 43      XL:     22   Next: 2%
Magic:  0/31       EV: 21    Int: 30 (31) God:    Cheibriados [******]
Gold:   2653       SH: 37    Dex: 35      Spells: 20/28 levels left

rFire   . . .      SeeInvis +   a - +6 broad axe
rCold   + . .      Faith    .   f - +2 tower shield of Daffodils {Str+3}
rNeg    . . .      Spirit   +   r - +4 plate armour {rPois}
rPois   +          Reflect  .   (helmet unavailable)
rElec   .          Harm     .   u - +1 cloak
rCorr   .          Rampage  .   z - +2 pair of gloves {Stlth+}
Will    ++...                   s - +3 pair of mountain boots {steadfast, rC+}
Stlth   ..........              F - brooch of Shielding {Spirit SH+8}
HPRegen 0.38/turn               q - +4 ring of slaying
MPRegen 0.22/turn               x - +6 ring of strength

@: marked, frozen, very slow
A: permanent stasis, dig shafts and tunnels, antennae 3, four strong arms,
talons 1, clever 1, deterioration 1, wild magic 1, MP-powered wands
}: 2/15 runes: decaying, serpentine
a: Dig, Shaft Self, Renounce Religion, Bend Time, Temporal Distortion, Slouch,
Step From Time


You were on level 2 of the Vaults.
You worshipped Cheibriados.
Cheibriados was exalted by your worship.
You visited 8 branches of the dungeon, and saw 37 of its levels.
You visited the Abyss 1 time.

You collected 3733 gold pieces.
You spent 1080 gold pieces at shops.

Inventory:

Hand Weapons
 a - a +6 broad axe (weapon)
 b - a +1 vorpal triple crossbow
 t - a +1 longbow of flaming
 D - a -1 triple sword
 Z - a +3 great sword of electrocution
Missiles
 l - 35 poisoned darts (quivered)
 y - 13 curare-tipped darts
 I - 5 throwing nets
 N - 9 silver javelins
Armour
 f - the +2 tower shield of Daffodils (worn) {Str+3}
   (You acquired it on level 7 of the Dungeon)

   Str:       It affects your strength (+3).
 r - a +4 plate armour of poison resistance (worn)
 s - the +3 pair of mountain boots (worn) {steadfast, rC+}
   (You found it on level 1 of the Snake Pit)

   It prevents involuntary movement, except for blinking, teleportation, or
   banishment.
   rC:        It protects you from cold.
 u - a +1 cloak (worn)
 z - a +2 pair of gloves of stealth (worn)
 C - a +0 tower shield of reflection
Jewellery
 q - a +4 ring of slaying (left hand)
 x - a +6 ring of strength (right hand)
 E - a +6 ring of dexterity
 F - the brooch of Shielding (around neck) {Spirit SH+8}
   (You bought it in a shop on level 2 of the Orcish Mines)

   [amulet of guardian spirit]

   It causes incoming damage to be divided between your reserves of health and
   magic.
   SH:        It affects your SH (+8).
 H - a ring of protection from cold
 L - a ring of fire
 M - a ring of poison resistance
 P - a ring of ice
 T - a +6 ring of strength
 V - a ring of positive energy
 X - a ring of protection from fire
Wands
 g - a wand of mindburst (31)
 i - a wand of acid (9)
 n - a wand of iceblast (22)
 p - a wand of digging (1)
 J - a wand of charming (24)
 U - a wand of flame (26)
Scrolls
 c - a scroll of silence
 e - 26 scrolls of identify
 j - 6 scrolls of poison
 m - 2 scrolls of fear
 o - 7 scrolls of amnesia
 K - 5 scrolls of magic mapping
 O - 5 scrolls of enchant armour
 S - 3 scrolls of fog
Potions
 d - 8 potions of might
 h - 17 potions of curing
 k - 2 potions of heal wounds
 v - 3 potions of mutation
 w - 5 potions of brilliance
 A - 2 potions of lignification
 B - 2 potions of attraction
 R - 3 potions of haste
 W - 2 potions of flight
 Y - 2 potions of cancellation
Miscellaneous
 G - a lightning rod (3/4)
 Q - a condenser vane (inert)


   Skills:
 * Level 14.6 Fighting
 * Level 8.7 Long Blades
 * Level 17.0 Axes
 + Level 1.8(11.2) Maces & Flails
 * Level 15.3 Ranged Weapons
 + Level 1.2 Throwing
 * Level 10.8 Armour
 * Level 11.8 Dodging
 + Level 3.1 Stealth
 * Level 20.4 Shields
 * Level 3.5 Spellcasting
 * Level 3.4 Necromancy
 * Level 3.9 Transmutations
 - Level 12.0 Invocations
 * Level 9.8 Evocations


You had 20 spell levels left.
You knew the following spells:

 Your Spells              Type           Power      Damage    Failure   Level
a - Necromutation         Tmut/Necr      17%        N/A       100%        8

Your spell library contained the following spells:

 Spells                   Type           Power      Damage    Failure   Level
 Necrotize                Necr           100%       1d9       17%         1
 Foxfire                  Conj/Fire      24%        2x1d5     52%         1
 Ignite Poison            Fire/Tmut/Pois 17%        N/A       71%         3
 Animate Dead             Necr           33%        N/A       82%         4
 Conjure Flame            Conj/Fire      6%         6-21      86%         3
 Inner Flame              Hex/Fire       6%         N/A       86%         3
 Stone Arrow              Conj/Erth      12%        3d7       86%         3
 Petrify                  Tmut/Erth      22%        N/A       94%         4
 Blade Hands              Tmut           18%        N/A       96%         5
 Corpse Rot               Necr/Pois/Air  15%        N/A       98%         4
 Animate Armour           Summ/Erth      12%        N/A       99%         4
 Flame Wave               Conj/Fire      6%         2d5       99%         4
 Olgreb's Toxic Radiance  Pois           6%         N/A       99%         4
 Passage of Golubria      Tloc           6%         N/A       99%         4
 Sticky Flame             Conj/Fire      6%         2d3       99%         4
 Summon Ice Beast         Ice/Summ       6%         N/A       99%         4
 Iskenderun's Battlesphe  Conj           6%         2d6       100%        5
 Metabolic Englaciation   Hex/Ice        3%         N/A       100%        5
 Silence                  Hex/Air        3%         N/A       100%        5
 Summon Mana Viper        Hex/Summ       6%         N/A       100%        5
 Iron Shot                Conj/Erth      3%         9d2       100%        6
 Statue Form              Tmut/Erth      14%        N/A       100%        6
 Monstrous Menagerie      Summ           3%         N/A       100%        7
 Ozocubu's Refrigeration  Ice            3%         4d5       100%        7
 Spellforged Servitor     Conj/Summ      3%         N/A       100%        7
 Ignition                 Fire           3%         3d4       100%        8
 Lehudib's Crystal Spear  Conj/Erth      3%         10d2      100%        8


Dungeon Overview and Level Annotations

Branches:
Dungeon (15/15)            Temple (1/1) D:7            Lair (6/6) D:11
  Swamp (4/4) Lair:2        Snake (4/4) Lair:4        Slime (0/5) Lair:5
    Orc (2/2) D:10            Elf (3/3) Orc:2        Vaults (2/5) D:14
 Depths (0/4) D:15
  Crypt: Vaults:2-3

Altars:
Ashenzari
Cheibriados
Elyvilon
Fedhas
Gozag
Hepliaklqana
Kikubaaqudgha
Makhleb
Nemelex Xobeh
Okawaru
Qazlal
Ru
Sif Muna
Trog
Vehumet
Wu Jian
Xom
Yredelemnul
Zin
The Shining One
Jiyva

Shops:
D:4 [*?([   D:5 *   D:7 *   D:13 [   Orc:2 :[?=

Annotations:
D:2 1 runed translucent door, Crazy Yiuf


Innate Abilities, Weirdness & Mutations

You cannot be hasted, slowed, berserked, paralysed or teleported.
You can dig through walls and to a lower floor.
You have a pair of large antennae on your head. (SInv)
Your four strong arms can wield two-handed weapons with a shield.
You have sharp toenails.
Your mind is acute. (Int +4, Str/Dex -1)
Your body sometimes deteriorates upon taking damage.
Your spells are a little harder to cast, but a little more powerful.
You expend magic power (3 MP) to strengthen your wands.


Message History

The deep troll is engulfed in blazing flames.
The ironbound frostheart is engulfed in blazing flames.
The ironbound frostheart touches you but does no damage.
The deep troll is engulfed in blazing flames.
The ironbound preserver is engulfed in blazing flames.
The great orb of eyes is engulfed in blazing flames.
The great orb of eyes gazes at you. You resist with almost no effort.
Unknown command.
You feel much better.
The entropy weaver is engulfed in blazing flames.
You block the entropy weaver's attack. x3
The entropy weaver closely misses you.
The sphinx is engulfed in blazing flames.
The ironbound convoker is engulfed in blazing flames.
The ironbound convoker gestures at the redback while chanting.
The redback seems to grow stronger.
The culicivora is engulfed in blazing flames.
The deep troll is engulfed in blazing flames.
The deep troll completely misses you.
The deep troll claws you but does no damage.
The deep troll claws you!
* * * LOW HITPOINT WARNING * * *
The deep troll is engulfed in blazing flames.
The deep troll misses you. The deep troll closely misses you. x2
A deep troll comes into view.
The deep troll is engulfed in blazing flames.
The entropy weaver is engulfed in blazing flames.
You block the entropy weaver's attack. The entropy weaver hits you!
* * * LOW HITPOINT WARNING * * *
You block the entropy weaver's attack.
The entropy weaver hits you but does no damage.
The deep troll is engulfed in blazing flames.
The ironbound preserver is engulfed in blazing flames.
The ironbound preserver casts a spell.
The ironbound preserver begins to accept its allies' injuries.
The ironbound frostheart is engulfed in blazing flames.
The ironbound frostheart calls freezing cold from the walls.
The frost grips you!! You partially resist.
You die...

#########################
...............§TBsHTp§T.
######......§§§§@TpTs§§§.
# #......§G###p#####§. #
#........# .G§. #
#........###...# #
#........# ...?.# #
#........# #+++## #
#........# ..... #
....... #...## #


You could see an ironbound preserver, a sphinx (summoned, sheltered), an entropy
weaver (summoned, strong, sheltered), a great orb of eyes, an ironbound
frostheart (sheltered), a glowing orange brain, 5 deep trolls, an ironbound
convoker (summoned, sheltered), a culicivora (summoned, sheltered) and a redback
(summoned, strong, sheltered).

Vanquished Creatures
  A dread lich (Abyss:3)
  A bone dragon (Swamp:4)
  Rupert (D:14)
  Mlioglotl (Swamp:1)
  3 deep elf blademasters
  A deep elf master archer (Elf:1)
  A tentacled starspawn (Abyss:3)
  Frances (D:14)
  A sphinx (Vaults:1)
  An Executioner (Abyss:3)
  Agnes (Snake:3)
  A thorn hunter (Swamp:3)
  6 nagarajas
  3 fenstrider witches
  5 vault wardens
  Louise (Swamp:1)
  2 deep elf sorcerers (Elf:1)
  An orc warlord (Vaults:1)
  4 ironbound preservers (Vaults:1)
  A very ugly thing (D:14)
  2 stone giants (Vaults:1)
  2 war gargoyles (Vaults:1)
  Nessos (Lair:5)
  3 deep elf demonologists (Elf:1)
  5 bunyips
  5 eleionomae
  5 dire elephants
  2 deep elf annihilators (Elf:1)
  A deep elf death mage (Elf:1)
  Snorg (Orc:2)
  A fire dragon (D:14)
  A crystal guardian (Vaults:1)
  2 yaktaur captains (Vaults:1)
  3 great orbs of eyes
  2 deep elf high priests
  18 hydras
  A peacekeeper (Vaults:1)
  A shambling mangrove (Swamp:3)
  2 vault guards (Vaults:1)
  3 salamander tyrants
  Harold (Lair:2)
  Fannar (Lair:1)
  9 two-headed ogres
  6 boulder beetles
  3 ghost crabs
  19 centaur warriors
  3 ironbound frosthearts (Vaults:1)
  2 catoblepae
  20 dancing weapons
  An ogre mage (D:15)
  14 anacondas
  A two-headed ogre (shapeshifter) (D:14)
  12 naga warriors
  A tengu warrior (D:13)
  A thrashing horror (Abyss:3)
  10 death yaks
  7 alligators
  5 orc high priests (Orc:2)
  5 shock serpents
  Urug (D:14)
  Sonja (Lair:2)
  5 naga sharpshooters
  10 deep elf knights
  13 spriggans
  A soul eater (Abyss:2)
  A wretched star (Abyss:3)
  Amaemon (Lair:2)
  9 skeletal warriors
  7 salamander mystics
  A flayed ghost (Abyss:3)
  A glowing orange brain (Abyss:2)
  6 spriggan druids
  11 bog bodies
  3 goliath frogs
  20 deep trolls
  8 naga ritualists
  2 phantasmal warriors (Swamp:4)
  6 swamp dragons
  6 lindwurms (Vaults:1)
  3 deep elf archers
  4 spectral hydras (Swamp:4)
  6 orc knights
  8 ironbound convokers
  3 wizards
  3 necromancers (Elf:1)
  21 deep elf zephyrmancers
  5 manticores
  3 wolf spiders
  8 mana vipers
  22 deep elf pyromancers
  10 ugly things
  7 cyclopes
  An orc sorcerer (Elf:2)
  An oklob plant (Swamp:3)
  3 will-o-the-wisps
  11 salamanders
  41 black mambas
  3 guardian serpents
  2 torpor snails
  21 elephants
  12 naga magi
  An apocalypse crab (Abyss:3)
  6 vault sentinels
  3 gargoyles (D:12)
  A guardian serpent (shapeshifter) (D:15)
  21 cane toads
  An orange demon (Lair:2)
  2 unseen horrors
  4 yaktaurs
  3 rime drakes
  An efreet (D:15)
  10 komodo dragons
  4 swamp worm zombies (Swamp:4)
  3 hydra zombies (Swamp:4)
  2 tengu conjurers
  2 kobold demonologists
  An ancient zyme (Abyss:3)
  An ice devil (Abyss:3)
  3 freezing wraiths (D:14)
  8 trolls
  A troll (shapeshifter) (Elf:1)
  A polar bear (Lair:6)
  6 tyrant leeches
  3 meliai (D:14)
  A bloated husk (Swamp:1)
  Grinder (D:5)
  6 blink frogs
  16 slime creatures
  2 spectral swamp dragons (Swamp:4)
  7 dream sheep (Lair:6)
  10 hornets
  5 large abominations
  3 alligator zombies (Swamp:4)
  4 raiju (Abyss:3)
  A blink frog (shapeshifter) (D:13)
  2 centaur simulacra
  5 starcursed masses (Abyss:3)
  A vampire (D:11)
  A ynoxinul (Abyss:3)
  A shadow (D:13)
  6 air elementals
  10 wyverns
  2 wraiths
  41 yaks
  5 basilisks
  10 vampire mosquitoes
  2 fire elementals (Elf:1)
  16 humans (D:14)
  4 redbacks (Lair:6)
  22 swamp worms
  6 wargs
  3 acid dragons
  41 nagas
  31 water moccasins
  A floating eye (shapeshifter) (Elf:1)
  8 swamp drakes
  4 ice beasts
  29 orc warriors
  A sky beast (D:7)
  4 black bears
  A boggart (Vaults:1)
  6 ogres
  4 swamp dragon zombies (Swamp:4)
  12 wolves (Lair:1)
  13 centaurs
  5 phantoms
  2 small abominations (Abyss:3)
  15 bullfrogs
  3 elf zombies (Elf:1)
  2 kobold brigands
  4 earth elementals
  3 gnoll sergeants
  8 necrophages
  3 scorpions
  A jelly (D:5)
  10 wights
  15 killer bees
  6 howler monkeys
  2 vampire bats (Lair:4)
  2 electric eels
  A hound (D:5)
  27 orc priests
  Jessica (D:2)
  5 iguanas
  23 orc wizards
  A boggart simulacrum (D:15)
  Robin (D:2)
  18 gnolls
  2 swamp drake zombies (Swamp:4)
  5 adders
  2 white imps
  2 ufetubi
  2 worms
  2 dart slugs (D:1)
  86 orcs
  9 bats
  4 endoplasms
  3 giant cockroaches
  8 hobgoblins
  4 jackals (D:2)
  14 kobolds
  3 quokkas
  3 ball pythons
  2 frilled lizards
  15 goblins
  11 rats
  2 foxfires (Swamp:4)
  2 starspawn tentacles
1305 creatures vanquished.

Vanquished Creatures (collateral kills)
  2 hydras
  Nergalle (Lair:3)
  A spriggan druid (Swamp:4)
  A water moccasin (Lair:1)
  An ogre (D:7)
6 creatures vanquished.

Vanquished Creatures (others)
  A spriggan (Swamp:1)
  A deep elf knight (Elf:2)
  A tengu conjurer (D:14)
  3 bloated husks (Swamp:4)
  A hornet (Swamp:1)
  A wolf spider simulacrum (D:14)
  A vampire (D:11)
  A shadow (D:12)
  A basilisk (D:14)
  A swamp drake (Swamp:4)
  2 phantoms (Swamp:4)
  A small abomination (Abyss:3)
  22 foxfires
  55 fungi
  92 plants
  5 starspawn tentacles
189 creatures vanquished.

Grand Total: 1500 creatures vanquished

Notes
Turn   | Place    | Note
-------+----------+-------------------------------------------
     0 | D:1      | Morbidden the Formicid Fighter began the quest for the Orb.
     0 | D:1      | Reached XP level 1. HP: 18/18 MP: 1/1
   274 | D:1      | Reached XP level 2. HP: 24/24 MP: 2/2
   637 | D:1      | Reached XP level 3. HP: 29/29 MP: 3/3
   981 | D:2      | Noticed Jessica
   987 | D:2      | Killed Jessica
   988 | D:2      | Reached skill level 1 in Ranged Weapons
   988 | D:2      | Reached XP level 4. HP: 19/37 MP: 4/4
  1217 | D:2      | Reached skill level 1 in Dodging
  1336 | D:2      | Found a faded altar of an unknown god.
  1351 | D:2      | Noticed Robin
  1905 | D:2      | Killed Robin
  1906 | D:2      | Reached XP level 5. HP: 42/42 MP: 5/5
  2183 | D:2      | Found a runed translucent door.
  2184 | D:2      | Noticed Crazy Yiuf
  2890 | D:3      | Reached XP level 6. HP: 48/48 MP: 6/6
  3423 | D:4      | Noticed a black bear
  3433 | D:4      | Killed a black bear
  3445 | D:4      | Found Vizarre's Antique Armour Boutique.
  3658 | D:4      | Found Ollooss's Weapon Shop.
  3702 | D:4      | Found Komp's Magic Scroll Shop.
  3703 | D:4      | Found Ahaunuakk's Armour Shoppe.
  3728 | D:4      | Reached XP level 7. HP: 36/54 MP: 7/7
  3861 | D:4      | Found Komaeb's General Store.
  3982 | D:5      | Entered Level 5 of the Dungeon
  4356 | D:4      | Found a hazy altar of Hepliaklqana.
  5080 | D:5      | Reached XP level 8. HP: 51/61 MP: 8/8
  5353 | D:5      | Reached skill level 5 in Axes
  5353 | D:5      | Reached skill level 5 in Shields
  5502 | D:5      | Noticed Grinder
  5511 | D:5      | Killed Grinder
  5512 | D:5      | Reached skill level 5 in Fighting
  5512 | D:5      | Reached skill level 5 in Ranged Weapons
  5804 | D:5      | HP: 2/62 [poisoned by a water moccasin]
  6094 | D:5      | Found Rosiz's General Store.
  6307 | D:6      | Reached XP level 9. HP: 24/68 MP: 9/9
  6751 | D:6      | Reached skill level 5 in Armour
  6796 | D:6      | Found a blossoming altar of Fedhas.
  6948 | D:6      | Found a shimmering blue altar of Sif Muna.
  6965 | D:6      | Found an ancient bone altar of Kikubaaqudgha.
  6981 | D:6      | Got Kikubaaqudgha's Almanac of Unholy Magic
  6987 | D:6      | Found a radiant altar of Vehumet.
  7511 | D:7      | Found Samucaog's Lightly-Used Armoury.
  7563 | D:7      | Reached XP level 10. HP: 10/76 MP: 10/10
  7896 | D:7      | Bought a -1 triple crossbow for 65 gold pieces
  7896 | D:7      | Bought a -1 triple sword for 65 gold pieces
  7897 | D:7      | Identified a scroll of acquirement
  7898 | D:7      | Acquired the +2 tower shield of Daffodils {Str+3}
  8068 | D:7      | Found a sparkling altar of Nemelex Xobeh.
  8085 | D:7      | Reached skill level 5 in Dodging
  8095 | D:7      | Reached skill level 1 in Stealth
  8182 | D:7      | Found a staircase to the Ecumenical Temple.
  8188 | Temple   | Entered the Ecumenical Temple
  8200 | Temple   | Became a worshipper of Cheibriados the Contemplative
  8481 | D:7      | Reached skill level 1 in Invocations
  9136 | D:8      | Found a basalt altar of Yredelemnul.
  9147 | D:8      | Found an opulent altar of Gozag.
  9191 | D:8      | Reached skill level 6 in Shields
  9376 | D:8      | Found a shimmering altar of Xom.
  9389 | D:8      | Reached * piety under Cheibriados
  9479 | D:8      | Reached skill level 1 in Long Blades
  9516 | D:8      | Found a shimmering altar of Xom.
  9595 | D:8      | Found a shimmering altar of Xom.
  9596 | D:8      | Found a shimmering altar of Xom.
 10116 | D:9      | You fall into a shaft and drop 1 floor!
 10116 | D:10     | Entered Level 10 of the Dungeon
 10186 | D:10     | Reached ** piety under Cheibriados
 10330 | D:10     | Noticed a brown ugly thing
 10336 | D:10     | Killed a brown ugly thing
 10337 | D:10     | Reached XP level 11. HP: 81/84 MP: 12/12
 10371 | D:10     | Found a broken altar of Ashenzari.
 10732 | D:9      | Reached *** piety under Cheibriados
 11343 | D:9      | Reached skill level 7 in Shields
 11929 | D:10     | Found a staircase to the Orcish Mines.
 12146 | D:10     | Noticed a two-headed ogre
 12153 | D:10     | Killed a two-headed ogre
 12654 | D:11     | Noticed a two-headed ogre
 12661 | D:11     | Killed a two-headed ogre
 12921 | D:11     | Reached **** piety under Cheibriados
 13154 | D:11     | Reached XP level 12. HP: 78/93 MP: 15/15
 13409 | D:11     | Found a staircase to the Lair.
 13579 | Lair:1   | Entered Level 1 of the Lair of Beasts
 13588 | D:11     | Reached skill level 8 in Shields
 13800 | Lair:1   | Reached skill level 5 in Invocations
 13813 | Lair:1   | Noticed an eight-headed hydra
 13820 | Lair:1   | Killed an eight-headed hydra
 14049 | Lair:1   | Noticed a four-headed hydra
 14058 | Lair:1   | Killed a four-headed hydra
 14265 | Lair:1   | Reached ***** piety under Cheibriados
 14274 | Lair:1   | Reached skill level 9 in Shields
 14641 | Lair:1   | Noticed Fannar
 14653 | Lair:1   | Killed Fannar
 14654 | Lair:1   | Reached skill level 10 in Axes
 14654 | Lair:1   | Reached XP level 13. HP: 96/101 MP: 17/17
 14832 | Lair:2   | Found a staircase to the Swamp.
 14841 | Lair:2   | Noticed Harold
 14849 | Lair:2   | Noticed Amaemon
 14856 | Lair:2   | Reached skill level 10 in Shields
 14859 | Lair:2   | Killed Amaemon
 14863 | Lair:2   | Killed Harold
 15333 | Lair:2   | Noticed Sonja
 15380 | Lair:2   | Killed Sonja
 16053 | Lair:3   | Reached skill level 5 in Long Blades
 16201 | Lair:3   | Reached skill level 11 in Shields
 16474 | Lair:3   | Noticed Nergalle
 16498 | Lair:3   | Killed Nergalle
 17228 | Lair:4   | Noticed an eight-headed hydra
 17229 | Lair:4   | Reached ****** piety under Cheibriados
 17399 | Lair:4   | Noticed a boulder beetle
 17416 | Lair:4   | Killed a boulder beetle
 17547 | Lair:4   | Reached skill level 10 in Ranged Weapons
 17889 | Lair:4   | Killed an eight-headed hydra
 17957 | Lair:4   | Reached XP level 14. HP: 109/109 MP: 19/19
 17966 | Lair:4   | Reached skill level 1 in Maces & Flails
 18093 | Lair:4   | Found a staircase to the Snake Pit.
 18357 | Lair:4   | Reached skill level 12 in Shields
 18368 | Lair:4   | Reached skill level 10 in Fighting
 18935 | Lair:5   | Found a staircase to the Slime Pits.
 18936 | Lair:5   | Found a viscous altar of Jiyva.
 19046 | Lair:5   | Noticed Nessos
 19057 | Lair:5   | Killed Nessos
 19551 | Lair:5   | Found a sacrificial altar of Ru.
 19803 | Lair:6   | Entered Level 6 of the Lair of Beasts
 20070 | Lair:6   | Reached skill level 1 in Evocations
 20253 | Lair:6   | Reached skill level 13 in Shields
 20267 | Lair:6   | Reached XP level 15. HP: 78/116 MP: 4/20
 22513 | D:13     | Found Dail's Armour Shop.
 22769 | D:13     | Reached skill level 14 in Shields
 23661 | D:13     | Reached XP level 16. HP: 77/125 MP: 22/22
 24090 | D:13     | Identified the +1 helmet "Koul" {rPois rF+ Int+2}
 24200 | D:14     | Noticed Urug
 24200 | D:14     | Noticed Rupert
 24200 | D:14     | Found a gate to the Vaults.
 24207 | D:14     | Killed Urug
 24209 | D:14     | Killed Rupert
 24456 | D:14     | Reached skill level 15 in Shields
 24475 | D:15     | Entered Level 15 of the Dungeon
 25313 | D:15     | Gained mutation: Your mind is acute. (Int +4, Str/Dex -1)
                  | [potion of mutation]
 25313 | D:15     | Gained mutation: You have sharp toenails. [potion of
                  | mutation]
 25313 | D:15     | Gained mutation: You expend magic power (3 MP) to
                  | strengthen your wands. [potion of mutation]
 25354 | D:15     | Reached skill level 1 in Throwing
 26069 | D:15     | Found a staircase to the Depths.
 26585 | D:15     | Found a sacrificial altar of Ru.
 26617 | D:15     | Found a blossoming altar of Fedhas.
 26688 | D:14     | Noticed Frances
 26705 | D:14     | Killed Frances
 26706 | D:14     | Reached skill level 5 in Evocations
 26811 | D:14     | Reached XP level 17. HP: 133/133 MP: 24/24
 27377 | D:14     | Identified the +4 chain mail of the Eternal Void {Str+2}
 27624 | D:14     | Identified the +0 ring mail "Feroar" {*Corrode rPois rC++}
 27754 | Orc:1    | Entered Level 1 of the Orcish Mines
 28182 | Orc:2    | Entered Level 2 of the Orcish Mines
 28182 | Orc:2    | Noticed Snorg
 28624 | Orc:2    | Found a staircase to the Elven Halls.
 28694 | Orc:2    | Killed Snorg
 28784 | Orc:2    | Reached skill level 10 in Invocations
 28796 | Orc:2    | Gained mutation: Your spells are a little harder to cast,
                  | but a little more powerful. [a neqoxec]
 28797 | Orc:2    | Gained mutation: Your body sometimes deteriorates upon
                  | taking damage. [a neqoxec]
 29288 | Orc:2    | Found Nalyc's Magic Scroll Boutique.
 29288 | Orc:2    | Found Fedduhikeh's Jewellery Boutique.
 29289 | Orc:2    | Found Vual Cimm's Book Boutique.
 29289 | Orc:2    | Found Archeung's Antique Armour Shop.
 29300 | Orc:2    | Bought the brooch of Shielding {Spirit SH+8} for 950 gold
                  | pieces
 29300 | Orc:2    | Found the brooch of Shielding {Spirit SH+8}
 29616 | Snake:1  | Entered Level 1 of the Snake Pit
 29676 | Snake:1  | Reached skill level 10 in Dodging
 29710 | Snake:1  | Reached skill level 16 in Shields
 30200 | Swamp:1  | Entered Level 1 of the Swamp
 30411 | Swamp:1  | Noticed Louise
 30422 | Abyss:2  | Cast into level 2 of the Abyss (Louise)
 30486 | Abyss:3  | Noticed an Executioner
 30488 | Abyss:3  | Killed an Executioner
 30553 | Abyss:3  | Noticed a tentacled starspawn
 30562 | Abyss:3  | Killed a tentacled starspawn
 30710 | Abyss:3  | Noticed a dread lich
 30729 | Abyss:3  | Killed a dread lich
 30730 | Abyss:3  | Reached skill level 15 in Axes
 30730 | Abyss:3  | Reached XP level 18. HP: 123/141 MP: 22/25
 30738 | Swamp:1  | Escaped the Abyss
 30754 | Swamp:1  | Killed Louise
 30761 | Swamp:1  | Noticed Mlioglotl
 30774 | Swamp:1  | Killed Mlioglotl
 32514 | Swamp:2  | Identified the +9 war axe of the Bashing Gods {vorpal,
                  | rElec Str+3}
 32653 | Swamp:3  | Reached skill level 17 in Shields
 33835 | Swamp:4  | Entered Level 4 of the Swamp
 34447 | Swamp:4  | Reached XP level 19. HP: 56/148 MP: 16/27
 35054 | Swamp:4  | Upgraded the game from 0.29-a0-770-g2e8140cf71 to
                  | 0.29-a0-780-g652cadfb38
 35488 | Swamp:4  | Noticed a bone dragon
 35509 | Swamp:4  | Killed a bone dragon
 35519 | Swamp:4  | Got a decaying rune of Zot
 36179 | Snake:1  | Found the +3 pair of mountain boots {steadfast, rC+}
 36643 | Snake:1  | Reached skill level 18 in Shields
 37913 | Snake:3  | Noticed Agnes
 37927 | Snake:3  | Killed Agnes
 39500 | Snake:4  | Entered Level 4 of the Snake Pit
 39991 | Snake:4  | Reached XP level 20. HP: 157/157 MP: 28/28
 40458 | Snake:4  | Reached skill level 19 in Shields
 40737 | Snake:4  | Got a serpentine rune of Zot
 41386 | Elf:1    | Entered Level 1 of the Elven Halls
 41393 | Elf:1    | Noticed a Hell Sentinel
 41598 | Elf:1    | Found a huge runed gate.
 41599 | Elf:1    | Found a huge runed gate.
 41600 | Elf:1    | Found a huge runed gate.
 41600 | Elf:1    | Found a huge runed gate.
 41600 | Elf:1    | Found a huge runed gate.
 41605 | Elf:1    | Found a huge runed gate.
 41605 | Elf:1    | Found a huge runed gate.
 41605 | Elf:1    | Found a huge runed gate.
 41605 | Elf:1    | Found a huge runed gate.
 41609 | Elf:1    | Found a huge runed gate.
 41614 | Elf:1    | Found a huge runed gate.
 41624 | Elf:1    | Found a huge runed gate.
 41625 | Elf:1    | Found a huge runed gate.
 41626 | Elf:1    | Found a huge runed gate.
 41721 | Elf:1    | Found a huge runed gate.
 41721 | Elf:1    | Found a huge runed gate.
 41722 | Elf:1    | Found a huge runed gate.
 41722 | Elf:1    | Found a huge runed gate.
 41722 | Elf:1    | Found a huge runed gate.
 41726 | Elf:1    | Found a huge runed gate.
 41726 | Elf:1    | Found a huge runed gate.
 41728 | Elf:1    | Found a huge runed gate.
 41729 | Elf:1    | Found a huge runed gate.
 41737 | Elf:1    | Found a huge runed gate.
 41737 | Elf:1    | Found a huge runed gate.
 41737 | Elf:1    | Found a huge runed gate.
 41737 | Elf:1    | Found a huge runed gate.
 41737 | Elf:1    | Found a huge runed gate.
 41738 | Elf:1    | Found a huge runed gate.
 41858 | Elf:1    | Found a huge runed gate.
 41859 | Elf:1    | Found a huge runed gate.
 41860 | Elf:1    | Found a huge runed gate.
 41870 | Elf:1    | Found a huge runed gate.
 41870 | Elf:1    | Found a huge runed gate.
 41870 | Elf:1    | Found a huge runed gate.
 41870 | Elf:1    | Found a huge runed gate.
 42397 | Elf:1    | Got the Tome of Dark Arts
 42407 | Elf:1    | Learned a level 8 spell: Necromutation
 43029 | Elf:1    | Noticed an Ice Fiend
 43034 | Elf:1    | Reached skill level 10 in Armour
 43034 | Elf:1    | Reached skill level 1 in Necromancy
 43035 | Elf:1    | Reached skill level 1 in Spellcasting
 43035 | Elf:1    | Reached skill level 1 in Transmutations
 43036 | Elf:1    | HP: 7/159 [poisoned by a deep elf sorcerer]
 43041 | Elf:1    | HP: 5/159 [poisoned by a deep elf sorcerer]
 43626 | Elf:2    | Found a huge runed translucent gate.
 43626 | Elf:2    | Found a huge runed translucent gate.
 43626 | Elf:2    | Found a huge runed translucent gate.
 43626 | Elf:2    | Found a huge runed translucent gate.
 43627 | Elf:2    | Found a huge runed translucent gate.
 44212 | Elf:2    | Reached XP level 21. HP: 129/165 MP: 23/30
 44455 | Elf:2    | Reached skill level 15 in Ranged Weapons
 44856 | Elf:3    | Entered Level 3 of the Elven Halls
 45066 | Vaults:1 | Entered Level 1 of the Vaults
 45395 | Vaults:1 | Reached skill level 20 in Shields
 45926 | Vaults:1 | Upgraded the game from 0.29-a0-780-g652cadfb38 to
                  | 0.29-a0-791-ga0f254aafb
 47737 | Vaults:2 | Reached XP level 22. HP: 152/173 MP: 26/31
 47749 | Vaults:2 | Killed from afar by an ironbound frostheart

Illustrated notes

Levels and vault maps discovered:
D:1:      wander_arrival_estate, layout_loops_ring
D:2:      layout_loops_ring, hellmonk_ecumenical_altar_dog_temple,
          minmay_rat_gold_closets, uniq_jessica, uniq_crazy_yiuf_cottage,
          uniq_robin
D:3:      layout_loops_corners
D:4:      layout_basic, lemuel_round_altar, serial_shops, shop_statue,
          nicolae_shop_competitors_out_of_business, shop, shop, shop
D:5:      layout_gridville, serial_shops, nicolae_shop_hallway_plus,
          uniq_grinder
D:6:      layout_cave_pools, palyth_temple_overflow_mages,
          general_overflow_altar
D:7:      layout_basic, mainiacjoe_overflow_paths,
          minmay_temple_entry_butterflies, minmay_shop_damaged,
          serial_bayou_crossing
D:8:      layout_cave_pools, xom_redecorated, amethyst_overflow_temple_binary
D:9:      layout_irregular_city
D:10:     minmay_ornate_pinched, layout_stronghold, cheibrodos_ashenzari_chains,
          hiddenorc1_lemuel, water_boxes_lemuel
D:11:     layout_basic, lair_entry_dummy
D:12:     layout_basic
D:13:     minmay_box_of_statues, layout_cave_pools, serial_shops,
          nicolae_shop_hallway_stairs
D:14:     minmay_crescents, layout_cross, david_vaults_3, uniq_frances
D:15:     hangedman_depths_entry_try_elsewhere_first, layout_basic,
          fedhas_altar_fruit_tree, nicolae_ru_path_of_blood
Temple:   nicolae_temple_x_marks_the_god
Lair:1:   layout_hall_layers, lemuel_fruit_tree, grunt_megastairs_4, uniq_fannar
Lair:2:   layout_small_grid, skrybe_swamp_entry_bodies, serial_bayou_shore_a,
          uniq_sonja, uniq_amaemon, uniq_harold
Lair:3:   layout_cave_pods, uniq_nergalle
Lair:4:   nzn_winding_woodlands_three_and_one
          [nzn_winding_woodlands_5x15_concentric,
          nzn_winding_woodlands_5x15_garden, nzn_winding_woodlands_5x15_twine,
          nzn_winding_woodlands_center_pierced_h], layout_regular_city,
          guppyfry_snake_entry_garden, roderic_batcave,
          grunt_forest_stairs_basic
Lair:5:   layout_hall_layers, slime_entry_1, basic_altar, uniq_nessos
Lair:6:   hangedman_lair_tendril_chambers, layout_loops_ring
Swamp:1:  layout_basic_swamp, hangedman_swamp_ruin_hall, swamp_pool5,
          uniq_louise, uniq_mlioglotl
Swamp:2:  layout_basic_swamp, serial_swamp_ruin, evilmike_swamp_ruin_wall,
          evilmike_swamp_ruin_house_2, swamp_pool5
Swamp:3:  layout_falls_marsh, hangedman_swamp_blocks, swamp_pool4,
          nicolae_swamp_oklob_treasure_island
Swamp:4:  swamp_pestilence, layout_basic_swamp, infiniplex_staircase_pool
Snake:1:  layout_rooms, nicolae_snake_shapes
Snake:2:  layout_honeycomb, grunt_megastairs_2
Snake:3:  layout_chambers, uniq_agnes
Snake:4:  minmay_snake_end_coiled, layout_cave_town, drop_trap, st_stairs_5,
          serial_bayou_shore_b
Orc:1:    layout_caves, basic_altar
Orc:2:    st_orc_pillars, layout_caves, basic_altar, uniq_snorg
Elf:1:    layout_loops_corners, minmay_elf_necromancy, door_vault
Elf:2:    elven_hall_of_blades_hangedman_alternative
          [nicolae_blade_little_rooms], layout_geoelf_grid
Elf:3:    minmay_elf_hall_dome, layout_rooms, serial_shops,
          nicolae_diamond_shop, minmay_shop_grove, uniq_roxanne
Vaults:1: nicolae_vaults_little_squares_3, nicolae_vaults_three_branches,
          nicolae_vaults_quadrants, nicolae_vaults_network_quinsquares
          [nicolae_vaults_network_quincunx_subvault,
          nicolae_vaults_network_quincunx_subvault,
          nicolae_vaults_network_quincunx_subvault,
          nicolae_vaults_network_quincunx_subvault], v_alt_pattern_5,
          hangedman_vaults_river_flow, nicolae_vaults_angled_halls,
          vaults_room_door_hall, vaults_mumra_hexcomb,
          ontoclasm_vaults_loading_screen, vaults_room_ringed_pool,
          vaults_dpeg_encased_lava, nicolae_vaults_specimen_jars,
          layout_vaults_big_cross
Vaults:2: nicolae_vaults_little_squares_4, ontoclasm_vaults_ring_large,
          nicolae_vaults_shelves_hall, nicolae_vaults_big_ls, v_pattern_2,
          nicolae_vaults_border_crossing, minmay_crypt_entry_simple_box,
          layout_vaults_omnigrid

Skill      XL: |  1  2  3  4  5  6  7  8  9 10 11 12 13 14 15 16 17 18 19 20 21 |
---------------+----------------------------------------------------------------+-----
Ranged Weapons | 1 2 3 4 5 7 8 9 10 11 12 13 14 15 | 15.3
Dodging        | 1 2 3 4 5 6 7 8 9 10 11 | 11.8
Axes           | 3 4 5 6 7 8 10 11 12 13 14 15 16 17 | 17.0
Armour         | 4 5 6 7 8 9 10 | 10.8
Fighting       | 4 5 6 7 8 9 10 11 12 13 14 | 14.6
Shields        | 5 6 7 9 11 13 14 15 16 17 18 19 20 | 20.4
Stealth        | 1 2 3 |  3.1
Invocations    | 2 4 6 7 8 9 10 11 12 | 12.0
Long Blades    | 2 3 4 5 6 7 8 |  8.7
Maces & Flails | 1 |  1.8
Evocations     | 1 3 5 6 7 8 9 |  9.8
Throwing       | 1 |  1.2
Necromancy     | 1 3 |  3.4
Spellcasting   | 1 3 |  3.5
Transmutations | 1 3 |  3.9

Action                   |  1- 3 |  4- 6 |  7- 9 | 10-12 | 13-15 | 16-18 | 19-21 | 22-24 || total
-------------------------+-------+-------+-------+-------+-------+-------+-------+-------++-------
Melee: War axe           |    48 |   119 |   186 |   184 |       |       |       |       ||   537
       Battleaxe         |       |       |       |   176 |   370 |    48 |       |       ||   594
       Dire flail        |       |       |       |     4 |     7 |    29 |       |       ||    40
       Broad axe         |       |       |       |       |       |   488 |   578 |     7 ||  1073
 Fire: Sling             |    29 |    59 |   155 |   177 |   106 |       |       |       ||   526
       Triple crossbow   |       |       |       |    52 |    61 |   316 |   476 |       ||   905
       Longbow           |       |       |       |       |   134 |       |       |       ||   134
Throw: Dart              |       |       |       |       |    11 |    26 |       |       ||    37
Invok: Slouch            |       |       |       |       |     2 |    16 |     7 |       ||    25
       Temporal Distorti |       |       |       |       |     1 |     2 |       |       ||     3
       Step From Time    |       |       |       |       |     1 |     1 |       |       ||     2
       Bend Time         |       |       |       |       |     1 |       |       |       ||     1
Evoke: Wand              |       |       |     3 |     1 |       |     7 |       |       ||    11
       Lightning rod     |       |       |       |       |     8 |    15 |     4 |     1 ||    28
       Condenser vane    |       |       |       |       |     1 |     4 |     2 |     1 ||     8
  Use: Potion            |       |     1 |     9 |       |     3 |     8 |     3 |     1 ||    25
       Scroll            |       |       |       |    14 |    12 |    11 |     2 |       ||    39
 Stab: Distracted        |       |       |       |       |       |     1 |       |       ||     1
       Invisible         |       |       |       |       |       |     3 |       |       ||     3
Armor: Scale mail        |    44 |    45 |       |       |       |       |       |       ||    89
       Chain mail        |       |    49 |   143 |   230 |   153 |   177 |   121 |       ||   873
       Skin              |       |       |    33 |       |    48 |    13 |       |       ||    94
       Plate armour      |       |       |       |       |       |       |    65 |    11 ||    76
Dodge: Dodged            |    23 |    96 |   103 |   214 |   286 |   328 |   346 |    20 ||  1416
Block: Buckler           |    19 |    59 |    72 |       |       |       |       |       ||   150
       Tower shield      |       |       |       |   637 |   859 |  1069 |  1394 |    32 ||  3991

Table legend: (Time is in decaauts)
 A = Elapsed time spent in this place.
 B = Non-inter-level travel time spent in this place.
 C = Inter-level travel time spent in this place.
 D = Time resting spent in this place.
 E = Time spent auto-exploring this place.
 F = Levels seen in this place.
 G = Mean time per level.
                   A        B        C        D        E       F      G
               +--------+--------+--------+--------+--------+-----+--------+
         Total |  66824 |  62532 |   4292 |   5743 |  46501 |  39 | 1713.4 |
       Dungeon |  24081 |  22733 |   1348 |   2772 |  16090 |  15 | 1605.4 |
        Temple |     19 |     16 |      3 |      0 |      3 |   1 |   19.0 |
          Lair |  13269 |  12019 |   1250 |    962 |   9271 |   6 | 2211.5 |
         Swamp |   8268 |   7804 |    464 |    958 |   5416 |   4 | 2067.0 |
     Snake Pit |   8741 |   8337 |    404 |    285 |   6823 |   4 | 2185.2 |
  Orcish Mines |   3083 |   2641 |    442 |    124 |   2018 |   2 | 1541.5 |
   Elven Halls |   5193 |   4912 |    281 |    551 |   3635 |   3 | 1731.0 |
        Vaults |   3763 |   3668 |     95 |     80 |   2987 |   2 | 1881.5 |
         Abyss |    404 |    404 |      0 |     10 |    255 |   2 |  202.0 |
               +--------+--------+--------+--------+--------+-----+--------+

Top non-repeatable levels by time:
Vaults:1: 3586 daAuts
   Elf:1: 3078 daAuts
 Swamp:3: 3039 daAuts
  Lair:4: 2784 daAuts
  Lair:6: 2737 daAuts
    D:15: 2729 daAuts
 Snake:3: 2618 daAuts
    D:13: 2342 daAuts
 Snake:4: 2319 daAuts
  Lair:3: 2319 daAuts
 Snake:2: 2169 daAuts
    D:10: 2162 daAuts
   Elf:2: 2104 daAuts
    D:11: 2102 daAuts
  Lair:2: 2068 daAuts
